 Dungeon Crawl Stone Soup version 0.30-a0-870-gc5d4c5acee (webtiles) character file.

Game seed: 16539771215270605981

1776636 lessens the Conqueror (level 25, 257/257 HPs)
             Began as a Minotaur Gladiator on Mar 11, 2023.
             Was a High Priest of Okawaru.
             Escaped with the Orb
             ... and 3 runes on Mar 12, 2023!
             The game lasted 02:26:45 (59747 turns).

lessens the Conqueror (Minotaur Gladiator)         Turns: 59747, Time: 02:26:46

Health: 257/257    AC: 40    Str: 31    XL:     25   Next: 76%
Magic:  29/29      EV: 28    Int:  3    God:    Okawaru [*****.]
Gold:   4818       SH:  0    Dex: 16    Spells: 24/24 levels left

rFire   + + +      SeeInvis +    o - +7 great mace "Firestarter" {flame, inner flame, rFlCloud rF++}
rCold   . . .      Faith    .    (shield currently unavailable)
rNeg    . . .      Spirit   .    X - +9 storm dragon scales "Uqyegyig" {+Blink rElec rF+}
rPois   +          Reflect  .    c - +2 hat
rElec   +          Rampage  .    Y - +2 cloak of the Assorted Wars {+Inv rPois MP+9}
rCorr   +          Rage     3%   e - +2 pair of gloves of Polish {rCorr MP-9 Str+4}
Will    ++...                    m - +2 pair of boots {Fly} Stlth
                                 u - amulet of regeneration
HPRegen 1.42/turn                Q - ring of Bipats {rPois EV+5 Int-2 SInv}
MPRegen 0.21/turn                y - ring of willpower

@: flying, studying 2 skills
A: horns 2, retaliatory headbutt, talons 1, camouflage 1, berserk 1, deformed
body, mutation resistance 1, inability to drink after injury 1
0: Orb of Zot
}: 3/15 runes: decaying, serpentine, slimy
a: Renounce Religion, Evoke Blink, Evoke Invisibility, Heroism, Finesse, Duel


You escaped.
You worshipped Okawaru.
Okawaru was extremely pleased with you.
You visited 11 branches of the dungeon, and saw 52 of its levels.
You visited 1 bazaar.
You also visited: Sewer, Bailey and Desolation.

You collected 6733 gold pieces.
You spent 1915 gold pieces at shops.

Inventory:

Hand Weapons
 o - the +7 great mace "Firestarter" (weapon) {flame, inner flame, rFlCloud rF++}
   (You found it on level 2 of the Dungeon)

   rFlCloud:  It grants immunity to clouds of flame.
   rF:        It greatly protects you from fire.
 C - a +6 great mace of holy wrath
Missiles
 d - 11 throwing nets
 f - 561 stones (quivered)
Armour
 c - a +2 hat (worn)
 e - the +2 pair of gloves of Polish (worn) {rCorr MP-9 Str+4}
   (Okawaru gifted it to you on level 11 of the Dungeon)

   Str:       It affects your strength (+4).
   MP:        It affects your magic capacity (-9).
   rCorr:     It protects you from acid and corrosion.
 m - a +2 pair of boots of flying (worn)
 X - the +9 storm dragon scales "Uqyegyig" (worn) {+Blink rElec rF+}
   (Okawaru gifted it to you on level 3 of the Depths)

   rF:        It protects you from fire.
   rElec:     It insulates you from electricity.
   +Blink:    It lets you blink.
 Y - the +2 cloak of the Assorted Wars (worn) {+Inv rPois MP+9}
   (You found it on level 5 of the Pits of Slime)

   rPois:     It protects you from poison.
   MP:        It affects your magic capacity (+9).
   +Inv:      It lets you turn invisible.
Jewellery
 i - an amulet of guardian spirit
 j - a ring of protection from cold
 u - an amulet of regeneration (around neck)
 y - a ring of willpower (right hand)
 F - a ring of flight
 Q - the ring of Bipats (left hand) {rPois EV+5 Int-2 SInv}
   (You took it off a deep elf death mage on level 3 of the Elven Halls)

   [ring of evasion]

   EV:        It affects your evasion (+5).
   Int:       It affects your intelligence (-2).
   rPois:     It protects you from poison.
   SInv:      It lets you see invisible.
Wands
 z - a wand of mindburst (39)
 M - a wand of iceblast (31)
 O - a wand of acid (18)
 P - a wand of flame (87)
 W - a wand of digging (2)
Scrolls
 a - 4 scrolls of silence
 h - 12 scrolls of teleportation
 k - 7 scrolls of fear
 s - 2 scrolls of poison
 t - 2 scrolls of enchant armour
 v - 2 scrolls of brand weapon
 x - 8 scrolls of magic mapping
 D - 2 scrolls of blinking
 G - a scroll of torment
 J - 8 scrolls of fog
 K - 2 scrolls of amnesia
Potions
 b - a potion of ambrosia
 l - a potion of invisibility
 q - 2 potions of attraction
 r - a potion of haste
 w - 31 potions of curing
 A - 12 potions of might
 B - 6 potions of cancellation
 E - 6 potions of resistance
 H - 15 potions of flight
 N - 4 potions of berserk rage
 S - 4 potions of heal wounds
 V - 2 potions of magic
Miscellaneous
 n - a phial of floods
 L - a lightning rod (4/4)
 R - a condenser vane
 U - a tin of tremorstones (2/2)


   Skills:
 O Level 27 Fighting
 - Level 7.4(15.2) Axes
 - Level 20.4(20.8) Maces & Flails
 - Level 2.0 Throwing
 O Level 27 Armour
 + Level 25.3 Dodging
 - Level 10.1 Invocations
 - Level 16.4 Evocations


You had 24 spell levels left.
You didn't know any spells.
Your spell library contained the following spells:

 Spells                   Type           Power      Damage    Failure   Level
 Apportation              Tloc           0%         N/A       75%         1
 Beastly Appendage        Tmut           0%         N/A       75%         1
 Foxfire                  Conj/Fire      0%         2x1d4     75%         1
 Freeze                   Ice            0%         1d3       75%         1
 Magic Dart               Conj           0%         1d3       75%         1
 Necrotise                Necr           0%         1d4       75%         1
 Slow                     Hex            0%         N/A       75%         1
 Sting                    Tmut/Pois      0%         1d3       75%         1
 Blink                    Tloc           0%         N/A       87%         2
 Cigotuvi's Dreadful Rot  Necr/Pois/Air  0%         N/A       87%         2
 Ensorcelled Hibernation  Hex/Ice        0%         N/A       87%         2
 Lesser Beckoning         Tloc           0%         N/A       87%         2
 Momentum Strike          Conj/Tloc      0%         3d8       87%         2
 Passwall                 Tmut/Erth      0%         N/A       87%         2
 Poisonous Vapours        Pois/Air       0%         N/A       87%         2
 Searing Ray              Conj           0%         2d4       87%         2
 Static Discharge         Conj/Air       0%         2-2/arc   87%         2
 Sublimation of Blood     Necr           0%         N/A       87%         2
 Wereblood                Tmut           0%         N/A       87%         2
 Confusing Touch          Hex            0%         N/A       98%         3
 Frozen Ramparts          Ice            0%         1d1       98%         3
 Gell's Gravitas          Tloc           0%         N/A       98%         3
 Hailstorm                Conj/Ice       0%         3d3       98%         3
 Inner Flame              Hex/Fire       0%         N/A       98%         3
 Mephitic Cloud           Conj/Pois/Air  0%         N/A       98%         3
 Ozocubu's Armour         Ice            0%         N/A       98%         3
 Swiftness                Air            0%         N/A       98%         3
 Teleport Other           Tloc           0%         N/A       98%         3
 Vampiric Draining        Necr           0%         2d6       98%         3
 Vhi's Electric Charge    Tloc/Air       0%         N/A       98%         3
 Anguish                  Hex/Necr       0%         N/A       100%        4
 Dispel Undead            Necr           0%         3d6       100%        4
 Flame Wave               Conj/Fire      0%         2d4       100%        4
 Fulminant Prism          Conj/Hex       0%         3d5       100%        4
 Ice Form                 Ice/Tmut       0%         N/A       100%        4
 Leda's Liquefaction      Hex/Erth       0%         N/A       100%        4
 Olgreb's Toxic Radiance  Pois           0%         N/A       100%        4
 Sticky Flame             Conj/Fire      0%         2d3       100%        4
 Agony                    Necr           0%         N/A       100%        5
 Alistair's Intoxication  Tmut/Pois      0%         N/A       100%        5
 Arcjolt                  Conj/Air       0%         1d10      100%        5
 Blade Hands              Tmut           0%         N/A       100%        5
 Borgnjor's Vile Clutch   Necr/Erth      0%         N/A       100%        5
 Fireball                 Conj/Fire      0%         3d3       100%        5
 Iskenderun's Battlesphe  Conj           0%         2d6       100%        5
 Lee's Rapid Deconstruct  Erth           0%         3d4*      100%        5
 Lightning Bolt           Conj/Air       0%         1d11      100%        5
 Metabolic Englaciation   Hex/Ice        0%         N/A       100%        5
 Yara's Violent Unravell  Hex/Tmut       0%         3d3       100%        5
 Conjure Ball Lightning   Conj/Air       0%         3x3d6     100%        6
 Dispersal                Tloc           0%         N/A       100%        6
 Iron Shot                Conj/Erth      0%         9d1       100%        6
 Starburst                Conj/Fire      0%         6d3       100%        6
 Statue Form              Tmut/Erth      0%         N/A       100%        6
 Dragon Form              Tmut           0%         N/A       100%        7
 Enfeeble                 Hex            0%         N/A       100%        7
 Orb of Destruction       Conj           0%         9d5       100%        7
 Storm Form               Tmut/Air       0%         N/A       100%        7
 Borgnjor's Revivificati  Necr           0%         N/A       100%        8
 Ignition                 Fire           0%         3d3       100%        8
 Necromutation            Tmut/Necr      0%         N/A       100%        8
 Death's Door             Necr           0%         N/A       100%        9
 Fire Storm               Conj/Fire      0%         5d1       100%        9
 Call Imp                 Summ           Unusable   N/A       N/A         2
 Animate Armour           Summ/Erth      Unusable   N/A       N/A         4
 Animate Dead             Necr           Unusable   N/A       N/A         4
 Summon Ice Beast         Ice/Summ       Unusable   N/A       N/A         4
 Death Channel            Necr           Unusable   N/A       N/A         6
 Simulacrum               Ice/Necr       Unusable   N/A       N/A         6
 Summon Hydra             Summ           Unusable   N/A       N/A         7

Dungeon Overview and Level Annotations

Branches:
Dungeon (15/15)            Temple (1/1) D:5            Lair (5/5) D:9
  Swamp (4/4) Lair:3        Snake (4/4) Lair:3        Slime (5/5) Lair:5
    Orc (2/2) D:10            Elf (3/3) Orc:2        Vaults (4/5) D:14
  Crypt (0/3) Vaults:2     Depths (4/4) D:15            Zot (5/5) Depths:4
  Sewer (visited)          Bailey (visited)         Desolation (visited)

Altars:
Ashenzari
Cheibriados
Dithmenos
Elyvilon
Fedhas
Gozag
Hepliaklqana
Kikubaaqudgha
Makhleb
Nemelex Xobeh
Okawaru
Qazlal
Ru
Sif Muna
Trog
Uskayaw
Vehumet
Wu Jian
Xom
Yredelemnul
Zin
The Shining One
Jiyva
Lugonu

Shops:
D:4 *!   Orc:1 *   Orc:2 *?*?!   Elf:3 [   Snake:2 (   Snake:3 =[?(
Vaults:1 !   Vaults:2 *   Vaults:3 ?   Vaults:4 !

Portals:
Hell: Depths:2 Depths:3 Depths:4
Abyss: Lair:5 Depths:3
Pandemonium: Depths:2
Ziggurat: Depths:3

Annotations:
D:5 2 runed translucent doors, patfeehan111222's ghost, novice MiBe
D:11 Fannar


Innate Abilities, Weirdness & Mutations

You have a pair of horns on your head.
You reflexively headbutt those who attack you in melee.
You have sharp toenails.
Your skin changes colour to match your surroundings (Stealth+).
You sometimes lose your temper in combat.
Armour fits poorly on your strangely shaped body.
You are somewhat resistant to further mutation.
You occasionally lose the ability to drink potions when taking damage.


Message History

You destroy the large abomination!
Okawaru accepts your kill.
A neqoxec comes into view.
The neqoxec hits you but does no damage.
You closely miss the neqoxec. You headbutt the neqoxec!
The neqoxec is moderately wounded.
You sock the neqoxec! You burn the neqoxec.
The neqoxec is filled with an inner flame.
You headbutt the neqoxec! Okawaru accepts your kill.
The neqoxec explodes!
The fiery explosion engulfs you but does no damage.
You resist.
Your life force feels restored.
No target in view!
(D) Dungeon (T) Temple (L) Lair (S) Swamp (P) Snake Pit (M) Slime Pits (O) Orcish Mines (E) Elven Halls (V) Vaults (C) Crypt (U) Depths (H) Hell (Z) Zot
Where to? (Enter - D:5 @ (x,y), ? - help) HP restored.
There is a stone staircase leading up here.
You fly upwards.
There is a stone staircase leading down here.
A Brimstone Fiend comes into view.
There is a stone staircase leading up here.
The Brimstone Fiend gestures at you.
The sphere of damnation explodes!
The damnation engulfs you!!
You fly upwards.
There is a stone staircase leading down here.
HP restored.
There is a stone staircase leading up here.
You fly upwards.
There is a stone staircase leading down here.
Unknown command.
You see here a +0 club.
There is a stone staircase leading up here.
You fly upwards.
There is a stone staircase leading down here.
You reach down and open the door.
There is an open door here.
There is a staircase leading out of the dungeon here.
You have escaped!

# # #
##################
.........##.#....#
########.##.+.##.#
#....#....#
###..#....#
#..'...@#
##.#....# #.#....#
#.'.##.# #.#....#
########


There were no monsters in sight!

Vanquished Creatures
  the Royal Jelly (Slime:5)
  Mara (Depths:2)
  5 orbs of fire (Zot:5)
  6 ancient liches (Zot:5)
  5 Killer Klowns
  3 caustic shrikes (Depths:4)
  10 golden dragons
  10 curse toes
  Nikola (Vaults:1)
  A pandemonium lord (D:5)
  2 electric golems (Zot:5)
  A hellephant (Vaults:2)
  Zenata (Vaults:2)
  A Brimstone Fiend (Zot:2)
  16 tentacled monstrosities
  3 liches
  25 Orb Guardians (Zot:5)
  21 acid blobs
  2 deep elf blademasters (Elf:3)
  A walking frostbound tome (Zot:4)
  3 quicksilver dragons
  A walking divine tome (Zot:4)
  2 deep elf master archers (Elf:3)
  4 sphinxes
  10 death cobs
  Roxanne (Swamp:4)
  Kirke (D:12)
  8 storm dragons
  4 thorn hunters
  7 shadow dragons
  Donald (Vaults:4)
  8 fenstrider witches
  10 nagarajas
  A tengu reaver (Depths:2)
  5 draconian monks
  4 azure jellies (Slime:5)
  13 rockslimes
  5 frost giants
  4 draconian knights
  4 fire giants
  2 imperial myrmidons (Desolation)
  8 vault wardens
  2 iron dragons
  7 draconian scorchers
  5 ghost moths
  3 narguns (Zot:4)
  A balrug (Vaults:2)
  Louise (Elf:1)
  A curse skull (Zot:1)
  A ghoul (Swamp:4)
  5 draconian stormcallers
  6 deep elf sorcerers
  9 ironbound preservers
  12 draconian shifters
  4 deep elf elementalists (Elf:3)
  A cacodemon (Depths:2)
  Aizul (Vaults:1)
  A juggernaut skeleton (Depths:3)
  15 quicksilver oozes
  4 orc warlords
  3 caustic shrike skeletons (Depths:3)
  7 ironbound thunderhulks
  A war gargoyle (Vaults:3)
  5 draconian annihilators
  9 very ugly things
  8 stone giants
  The ghost of Ysasacw the Markskobold, a journeyman KoHu of Hepliaklqana (Elf:3)
  Azrael (D:15)
  8 yellow draconians
  3 deep elf demonologists (Elf:3)
  18 green draconians
  2 deep elf annihilators (Elf:3)
  10 black draconians
  3 bunyips
  6 eleionomae
  10 dire elephants
  11 purple draconians
  A blizzard demon (Swamp:4)
  7 spark wasps
  2 halazid warlocks (Desolation)
  14 white draconians
  12 red draconians
  Snorg (D:11)
  7 deep elf death magi (Elf:3)
  2 crystal guardians (Desolation)
  3 green deaths
  3 ettins
  8 ragged hierophants (Desolation)
  3 fire dragons
  Josephine (D:11)
  A vault guard (Vaults:1)
  3 servants of whispers (Desolation)
  4 rakshasas
  A merfolk impaler (Depths:3)
  14 great orbs of eyes
  An entropy weaver (Vaults:4)
  4 ice dragons (Depths:2)
  2 deep elf high priests (Elf:3)
  9 hydras
  8 yaktaur captains
  3 shambling mangroves
  3 ogre magi (Swamp:4)
  Erolcha (Orc:1)
  8 peacekeepers
  2 spriggan air magi
  7 anacondas
  4 catoblepae
  11 centaur warriors
  5 deep troll shamans
  3 two-headed ogres
  5 boulder beetles
  6 alligators
  The ghost of LobsterGuardian the Thaumaturge, a journeyman DrFE of Vehumet (D:11)
  2 ghost crabs (Swamp:4)
  9 ironbound frosthearts
  A spriggan skeleton (Depths:3)
  5 deep troll earth magi
  5 thrashing horrors (Lair:5)
  20 naga warriors
  A tengu warrior (Depths:2)
  7 death yaks
  21 hell knights
  31 dancing weapons
  3 soul eaters
  9 shock serpents
  A skyshark (Lair:2)
  24 deep elf knights
  Amaemon (Lair:3)
  20 naga sharpshooters
  2 spriggan berserkers
  3 sixfirhies
  A spark wasp zombie (Depths:3)
  An iron troll (Depths:3)
  4 salamander mystics
  9 sea snakes
  A titan skeleton (Depths:3)
  4 storm dragon skeletons (Depths:3)
  40 deep trolls
  3 swamp dragons
  2 bog bodies (Swamp:2)
  8 goliath frogs
  4 glowing orange brains
  11 wizards
  3 spriggan druids (Swamp:4)
  2 orange crystal statues
  2 naga ritualists
  20 skeletal warriors
  14 orc knights
  20 ironbound convokers
  An anaconda skeleton (Snake:1)
  18 deep elf archers
  5 golden dragon skeletons
  3 necromancers
  2 lindwurms
  38 deep elf pyromancers
  28 deep elf zephyrmancers
  7 mana vipers
  7 harpies (Vaults:1)
  A frost giant zombie (Vaults:4)
  30 ugly things
  2 shining eyes
  A shadow dragon skeleton (Depths:3)
  6 oklob plants (Zot:1)
  3 manticores
  A sphinx skeleton (Depths:3)
  7 orc sorcerers
  3 cyclopes
  An iron dragon skeleton (Depths:3)
  23 moths of wrath
  A salamander (shapeshifter) (Elf:3)
  A will-o-the-wisp (Swamp:4)
  An elephant (shapeshifter) (Vaults:3)
  A tengu skeleton (Depths:3)
  2 rust devils (Depths:2)
  3 frost giant skeletons (Depths:3)
  35 black mambas
  9 apocalypse crabs (Zot:2)
  14 salamanders
  21 naga magi
  A fire giant skeleton (Depths:3)
  Maurice (D:13)
  2 smoke demons
  4 elephants (Lair:1)
  2 molten gargoyles (Desolation)
  A storm dragon simulacrum (Depths:3)
  12 guardian serpents
  An elf zombie (Vaults:4)
  6 orange demons
  3 eyes of devastation
  11 vault sentinels
  4 rime drakes
  6 cane toads
  A gargoyle (D:13)
  6 komodo dragons
  An unseen horror (D:11)
  30 yaktaurs
  2 efreet
  An ancient zyme (Lair:5)
  A rime drake (shapeshifter) (Elf:1)
  A tengu conjurer (Depths:2)
  An ice devil (Depths:2)
  An anaconda simulacrum (Snake:1)
  7 trolls
  10 tyrant leeches
  A sea snake skeleton (Snake:1)
  4 polar bears
  4 spectral guardian serpents (Snake:1)
  16 blink frogs
  3 hellwings (Swamp:4)
  A hornet (shapeshifter) (D:15)
  9 hornets
  A stone giant simulacrum (Vaults:3)
  47 saltlings (Desolation)
  6 large abominations
  An air elemental (Elf:3)
  6 wraiths
  11 flying skulls (Depths:3)
  110 slime creatures
  An elf simulacrum (Vaults:4)
  2 shadows
  7 spriggans
  A culicivora (shapeshifter) (D:12)
  5 vampires
  7 water elementals
  3 wyverns
  3 ynoxinuls
  5 fire elementals
  6 hogs (D:12)
  3 basilisks
  47 yaks
  4 golden eyes (Slime:3)
  A steam dragon (Lair:2)
  A golden eye (shapeshifter) (Elf:2)
  A hog (shapeshifter) (D:15)
  Eustachio (D:4)
  7 chaos spawn
  A sea snake simulacrum (Snake:1)
  Grum (D:11)
  A redback (Vaults:4)
  A glowing shapeshifter zombie (Vaults:4)
  8 vampire mosquitoes
  2 neqoxecs
  5 wargs
  A swamp worm (shapeshifter) (D:15)
  2 acid dragons
  48 nagas
  3 floating eyes
  10 hell hounds
  12 swamp worms
  A glowing shapeshifter skeleton (Depths:3)
  A human skeleton (Depths:3)
  5 water moccasins
  2 ice beasts
  2 guardian serpent simulacra (Snake:1)
  A sky beast (D:6)
  2 swamp drakes (Swamp:3)
  3 black bears
  46 orc warriors
  5 boggarts (Vaults:1)
  5 ogres
  13 wolves
  11 centaurs
  12 bullfrogs
  2 kobold brigands
  A wyvern zombie (D:7)
  11 gnoll sergeants
  A glowing shapeshifter simulacrum (Depths:3)
  2 earth elementals
  A human simulacrum (Vaults:4)
  2 wights (D:7)
  2 scorpions
  3 killer bees (D:9)
  6 electric eels
  3 howler monkeys
  10 small abominations (Lair:5)
  A centaur zombie (D:7)
  6 hounds
  3 jellies
  7 gnoll boudas
  13 orc priests
  An iron imp (D:6)
  Jessica (D:2)
  2 sleepcaps (D:5)
  Natasha (thrice) (D:2)
  Terence (D:2)
  5 iguanas
  22 orc wizards
  A lightning spire (Zot:1)
  A sickly merfolk siren (Sewer)
  4 hell rats (Lair:5)
  A malarious merfolk avatar (Sewer)
  2 killer bee zombies (D:7)
  34 gnolls
  8 adders
  2 naga simulacra (Snake:1)
  7 river rats
  4 white imps
  6 ufetubi
  3 worms (D:2)
  4 dart slugs
  91 orcs
  6 bats
  13 endoplasms
  9 giant cockroaches
  10 goblins
  5 hobgoblins
  7 jackals
  7 quokkas
  14 ball pythons
  12 frilled lizards
  21 kobolds
  30 rats
  A spectral orc (D:6)
  4 bushes
2227 creatures vanquished.

Vanquished Creatures (others)
  A ragged hierophant (Desolation)
  2 deep elf knights (Elf:2)
  A wizard (Vaults:3)
  A rust devil (Depths:1)
  A bloated husk (Swamp:1)
  A water elemental (Elf:1)
  A chaos spawn (Depths:1)
  A boggart (Elf:1)
  An orc wizard (D:13)
  An orc (Orc:2)
  4 briar patches (Swamp:4)
  12 foxfires (Swamp:4)
  33 fungi
  A pillar of salt (Desolation)
  46 plants
  3 withered plants
110 creatures vanquished.

Grand Total: 2337 creatures vanquished

Notes
Turn   | Place    | Note
-------+----------+-------------------------------------------
     0 | D:1      | lessens the Minotaur Gladiator began the quest for the Orb.
     0 | D:1      | Reached XP level 1. HP: 18/18 MP: 0/0
   148 | D:1      | Found a faded altar of an unknown god.
   198 | D:1      | Reached XP level 2. HP: 25/25 MP: 1/1
   603 | D:1      | Reached skill level 5 in Axes
   815 | D:2      | Reached XP level 3. HP: 26/30 MP: 2/2
   980 | D:2      | Noticed Terence
  1006 | D:2      | Killed Terence
  1007 | D:2      | Reached XP level 4. HP: 37/37 MP: 3/3
  1023 | D:2      | Noticed Natasha
  1033 | D:2      | Killed Natasha
  1139 | D:2      | Noticed Natasha
  1144 | D:2      | Killed Natasha
  1298 | D:2      | Noticed Jessica
  1305 | D:2      | Killed Jessica
  1306 | D:2      | Reached XP level 5. HP: 21/42 MP: 4/4
  1454 | D:2      | Found the +7 great mace "Firestarter" {flame, inner flame,
                  | rFlCloud rF++}
  1609 | D:2      | Noticed Natasha
  1616 | D:2      | Killed Natasha
  1844 | D:3      | Reached skill level 1 in Maces & Flails
  1944 | D:3      | Found a hide-covered altar of Uskayaw.
  2147 | D:3      | Found a hazy altar of Hepliaklqana.
  2820 | D:4      | Noticed Eustachio
  2829 | D:4      | Killed Eustachio
  2830 | D:4      | Reached XP level 6. HP: 39/50 MP: 5/5
  2923 | D:4      | Found Leres's Distillery.
  2933 | D:4      | Bought a potion of heal wounds for 65 gold pieces
  2933 | D:4      | Bought a potion of curing for 39 gold pieces
  2933 | D:4      | Bought a potion of might for 52 gold pieces
  3037 | D:4      | Reached skill level 5 in Maces & Flails
  3486 | D:4      | Found Zin's Purification Station.
  3487 | D:4      | Found a glowing silver altar of Zin.
  3495 | D:4      | Reached XP level 7. HP: 53/56 MP: 6/6
  3819 | D:5      | Entered Level 5 of the Dungeon
  4132 | D:5      | Found a staircase to the Ecumenical Temple.
  4141 | D:5      | Found a large runed translucent door.
  4142 | D:5      | Found a large runed translucent door.
  4149 | Temple   | Entered the Ecumenical Temple
  4154 | Temple   | Became a worshipper of Warmaster Okawaru
  4193 | D:5      | Noticed patfeehan111222's ghost (novice MiBe)
  4212 | D:5      | Reached XP level 8. HP: 62/62 MP: 7/7
  4258 | D:5      | Found an ornate altar of the Wu Jian Council.
  4847 | D:6      | Found a glowing drain.
  4870 | Sewer    | Entered a sewer
  5100 | Sewer    | Reached skill level 10 in Maces & Flails
  5229 | D:6      | Reached * piety under Okawaru
  5348 | D:6      | Found a snail-covered altar of Cheibriados.
  5597 | D:6      | Reached XP level 9. HP: 59/68 MP: 8/8
  5772 | D:6      | Found a basalt altar of Yredelemnul.
  5890 | D:7      | Found a flagged portal.
  5903 | Bailey   | Entered a bailey
  5916 | Bailey   | Reached skill level 1 in Invocations
  6005 | Bailey   | Reached ** piety under Okawaru
  6358 | Bailey   | Reached *** piety under Okawaru
  6475 | D:7      | Noticed a troll
  6513 | D:7      | Killed a troll
  6514 | D:7      | Reached skill level 5 in Invocations
  6853 | D:7      | Found Xyegg's Antique Armour Shop.
  6959 | D:7      | Found a shimmering blue altar of Sif Muna.
  6962 | D:7      | Reached XP level 10. HP: 77/77 MP: 12/12
  7412 | D:8      | Found an opulent altar of Gozag.
  7517 | D:8      | Reached **** piety under Okawaru
  7517 | D:8      | Received a gift from Okawaru
  8147 | D:9      | Found a white marble altar of Elyvilon.
  8325 | D:9      | Reached skill level 5 in Fighting
  8428 | D:9      | Noticed a death yak
  8429 | D:9      | Noticed a death yak
  8447 | D:9      | Identified the +10 dagger of the Heart {freeze, Fly rF-
                  | rC++ rN+}
  8450 | D:9      | Noticed a death yak
  8450 | D:9      | Noticed a death yak
  8451 | D:9      | Noticed a death yak
  8451 | D:9      | Noticed a death yak
  8456 | D:9      | Reached skill level 15 in Maces & Flails
  8495 | D:8      | Killed a death yak
  8495 | D:8      | Reached ***** piety under Okawaru
  8677 | D:9      | Found a staircase to the Lair.
  8764 | D:9      | Noticed a death yak
  8768 | D:9      | Killed a death yak
  8913 | D:9      | Found a shadowy altar of Dithmenos.
  8920 | D:9      | Reached XP level 11. HP: 80/92 MP: 13/13
  9022 | D:9      | Killed a death yak
  9077 | D:8      | Killed a death yak
  9461 | D:9      | Killed a death yak
  9462 | D:9      | Reached skill level 1 in Armour
  9463 | D:9      | Killed a death yak
  9463 | D:9      | Reached ****** piety under Okawaru
  9466 | D:9      | Killed a death yak
  9466 | D:9      | Received a gift from Okawaru
  9558 | D:10     | Entered Level 10 of the Dungeon
  9750 | D:10     | Found a broken altar of Ashenzari.
  9799 | D:10     | Found a radiant altar of Vehumet.
 10043 | D:10     | Found a staircase to the Orcish Mines.
 10054 | D:10     | Noticed a two-headed ogre
 10062 | D:10     | Killed a two-headed ogre
 10062 | D:10     | Received a gift from Okawaru
 10202 | D:11     | Found a runed translucent gate.
 10202 | D:11     | Found a runed translucent gate.
 10202 | D:11     | Found a runed translucent gate.
 10203 | D:11     | Found a viscous altar of Jiyva.
 10203 | D:11     | Noticed LobsterGuardian's ghost (journeyman DrFE)
 10212 | D:11     | Noticed Snorg
 10224 | D:11     | Killed Snorg
 10319 | D:11     | Reached skill level 5 in Armour
 10319 | D:11     | Noticed Fannar
 10399 | Lair:1   | Entered Level 1 of the Lair of Beasts
 10544 | Lair:1   | Reached XP level 12. HP: 79/101 MP: 14/14
 10678 | Lair:1   | Received a gift from Okawaru
 12386 | Lair:3   | Noticed an eight-headed hydra
 12396 | Lair:3   | Killed an eight-headed hydra
 12488 | Lair:3   | Noticed a four-headed hydra
 12497 | Lair:3   | Killed a four-headed hydra
 12586 | Lair:3   | Found a staircase to the Snake Pit.
 12725 | Lair:3   | Noticed Amaemon
 13144 | Lair:3   | Killed Amaemon
 13192 | Lair:3   | Found a staircase to the Swamp.
 13492 | Lair:3   | Noticed a five-headed hydra
 13498 | Lair:3   | Killed a five-headed hydra
 13780 | Lair:4   | Reached skill level 5 in Dodging
 13783 | Lair:4   | Received a gift from Okawaru
 14089 | Lair:4   | Noticed an eight-headed hydra
 14097 | Lair:4   | Killed an eight-headed hydra
 14098 | Lair:4   | Reached XP level 13. HP: 84/107 MP: 15/17
 14631 | Lair:5   | Entered Level 5 of the Lair of Beasts
 14951 | Lair:5   | Found a staircase to the Slime Pits.
 14978 | Lair:5   | Received a gift from Okawaru
 15903 | Lair:5   | Reached skill level 10 in Fighting
 16153 | Lair:5   | Identified the +9 glaive "Qaqyxamm" {protect, rPois Will+}
                  | (Okawaru gifted it to you on level 5 of the Lair of Beasts)
 16153 | Lair:5   | Received a gift from Okawaru
 16421 | Lair:5   | Found a corrupted altar of Lugonu.
 16427 | Lair:5   | Found a one-way gate to the infinite horrors of the Abyss.
 16835 | Orc:1    | Entered Level 1 of the Orcish Mines
 16859 | Orc:1    | Noticed an orc warlord
 16872 | Orc:1    | Killed an orc warlord
 16873 | Orc:1    | Reached XP level 14. HP: 74/124 MP: 18/20
 16891 | Orc:1    | Received a gift from Okawaru
 17022 | Orc:1    | Found Nauvvywn's Gadget Gallery.
 17267 | Orc:2    | Entered Level 2 of the Orcish Mines
 17273 | Orc:2    | Noticed an orc warlord
 17274 | Orc:2    | Found Lihaomm's General Store.
 17282 | Orc:1    | Noticed Erolcha
 17296 | Orc:1    | Killed Erolcha
 17377 | Orc:1    | Reached skill level 10 in Invocations
 17637 | Orc:2    | Killed an orc warlord
 17889 | Orc:2    | Reached skill level 10 in Armour
 18011 | Orc:2    | Found a staircase to the Elven Halls.
 18403 | Orc:2    | Found Ynotzel's Magic Scroll Emporium.
 18403 | Orc:2    | Found Oletz's Assorted Antiques.
 18403 | Orc:2    | Found Sageg's Magic Scroll Shop.
 18406 | Orc:2    | Found Ufuatag's Distillery.
 18419 | Orc:2    | Bought a scroll of identify for 54 gold pieces
 18419 | Orc:2    | Bought a scroll of identify for 54 gold pieces
 18424 | Orc:2    | Bought a scroll of identify for 34 gold pieces
 18424 | Orc:2    | Bought a scroll of identify for 34 gold pieces
 18424 | Orc:2    | Bought a scroll of identify for 34 gold pieces
 18443 | Orc:2    | Bought a potion of heal wounds for 70 gold pieces
 18443 | Orc:2    | Bought a potion of heal wounds for 70 gold pieces
 18443 | Orc:2    | Bought a potion of mutation for 112 gold pieces
 18944 | D:11     | Noticed Grum
 18948 | D:11     | Killed Grum
 19416 | D:11     | Noticed Josephine
 19422 | D:11     | Identified the +2 pair of gloves of Polish {rCorr MP-9
                  | Str+4} (Okawaru gifted it to you on level 11 of the
                  | Dungeon)
 19422 | D:11     | Received a gift from Okawaru
 19425 | D:11     | Killed Josephine
 19609 | D:11     | Killed LobsterGuardian's ghost
 19617 | D:11     | Identified the +9 hand axe of the Seers {elec, rC++ rCorr}
 20086 | D:12     | Found a shimmering blue altar of Sif Muna.
 20171 | D:12     | Noticed Kirke
 20184 | D:12     | Killed Kirke
 20295 | D:12     | You are sucked into a shaft and drop 1 floor!
 20334 | D:13     | Noticed Maurice
 20341 | D:13     | Killed Maurice
 20606 | D:13     | Identified the +5 battleaxe of Arrival {heavy, rPois rC+}
 20949 | D:14     | Reached XP level 15. HP: 111/139 MP: 12/21
 20953 | D:14     | Found a gate to the Vaults.
 21050 | D:14     | Identified the +0 robe of Precision Catastrophes {rC+
                  | Dex+5}
 21132 | D:14     | Found a white marble altar of Elyvilon.
 21707 | D:15     | Entered Level 15 of the Dungeon
 21950 | D:15     | Found an ancient bone altar of Kikubaaqudgha.
 22368 | D:15     | Received a gift from Okawaru
 22368 | D:15     | Found the +5 robe of Night {Dark Will+ SInv}
 22419 | D:15     | Found a staircase to the Depths.
 22423 | D:15     | Reached skill level 15 in Fighting
 22521 | D:15     | Noticed Azrael
 22679 | D:15     | Killed Azrael
 23203 | Swamp:1  | Entered Level 1 of the Swamp
 23252 | Swamp:1  | Noticed a thorn hunter
 23256 | Swamp:1  | Killed a thorn hunter
 23970 | Swamp:2  | Found a glowing silver altar of Zin.
 24536 | Swamp:3  | Received a gift from Okawaru
 24669 | Swamp:3  | Noticed a fenstrider witch
 24673 | Swamp:3  | Paralysed by a fenstrider witch for 5 turns
 24705 | Swamp:3  | Noticed a thorn hunter
 24788 | Swamp:3  | Killed a thorn hunter
 24868 | Swamp:3  | Killed a fenstrider witch
 25100 | Swamp:4  | Entered Level 4 of the Swamp
 25168 | Swamp:4  | Noticed a fenstrider witch
 25172 | Swamp:4  | Killed a fenstrider witch
 25187 | Swamp:4  | Noticed a fenstrider witch
 25256 | Swamp:4  | Killed a fenstrider witch
 25261 | Swamp:4  | Reached XP level 16. HP: 118/155 MP: 13/22
 25323 | Swamp:4  | Noticed a thorn hunter
 25329 | Swamp:4  | Reached skill level 10 in Dodging
 25334 | Swamp:4  | Killed a thorn hunter
 25381 | Swamp:4  | Noticed a thorn hunter
 25393 | Swamp:4  | Killed a thorn hunter
 25481 | Swamp:4  | Noticed a tentacled monstrosity
 25490 | Swamp:4  | Killed a tentacled monstrosity
 25594 | Swamp:4  | Paralysed by an ogre mage for 3 turns
 25686 | Swamp:4  | Received a gift from Okawaru
 25697 | Swamp:4  | Noticed Roxanne
 25713 | Swamp:4  | Killed Roxanne
 25714 | Swamp:4  | Reached skill level 1 in Evocations
 25751 | Swamp:4  | Paralysed by a fenstrider witch for 3 turns
 25829 | Swamp:4  | Gained mutation: You occasionally lose the ability to read
                  | scrolls when taking damage. [a neqoxec]
 26030 | Swamp:4  | Got a decaying rune of Zot
 26377 | Snake:1  | Entered Level 1 of the Snake Pit
 26418 | Snake:1  | Identified the +4 battleaxe "Orhousys" {speed, Dex+3}
                  | (Okawaru gifted it to you on level 1 of the Snake Pit)
 26418 | Snake:1  | Received a gift from Okawaru
 26951 | Snake:1  | Found an ornate altar of the Wu Jian Council.
 27216 | Snake:2  | Reached skill level 5 in Evocations
 27250 | Snake:2  | Reached XP level 17. HP: 122/168 MP: 14/23
 27263 | Snake:2  | Received a gift from Okawaru
 27321 | Snake:2  | Got the Parchment of Altered Production
 28118 | Snake:2  | Found Zaiggucs's Weapon Boutique.
 28890 | Snake:3  | Found Fotuxkol's Jewellery Shop.
 28891 | Snake:3  | Found Jigruch's Magic Scroll Boutique.
 28891 | Snake:3  | Found Jeoschihuoph's Antique Armour Shop.
 28909 | Snake:3  | Found Emeggan's Weapon Boutique.
 29166 | Snake:3  | Bought a ring of willpower for 350 gold pieces
 29498 | Snake:3  | Received a gift from Okawaru
 29874 | Snake:4  | Entered Level 4 of the Snake Pit
 29935 | Snake:4  | Identified the +2 dire flail of Hyuhuoka {elec, rC- rN++
                  | rCorr Int+8} (Okawaru gifted it to you on level 4 of the
                  | Snake Pit)
 29935 | Snake:4  | Received a gift from Okawaru
 30353 | Snake:4  | Received a gift from Okawaru
 30838 | Snake:4  | Received a gift from Okawaru
 31036 | Snake:4  | Reached XP level 18. HP: 50/182 MP: 10/24
 31385 | Snake:4  | Received a gift from Okawaru
 31492 | Snake:4  | Got a serpentine rune of Zot
 32319 | Vaults:1 | Entered Level 1 of the Vaults
 32350 | Vaults:1 | Noticed Nikola
 32358 | Vaults:1 | Killed Nikola
 32487 | Vaults:1 | Received a gift from Okawaru
 32488 | Vaults:1 | Reached skill level 15 in Armour
 32758 | Vaults:1 | Noticed Aizul
 32767 | Vaults:1 | Killed Aizul
 32826 | Vaults:1 | HP: 1/187 [ironbound frostheart/creeping frost (29)]
 32840 | Vaults:1 | HP: 4/187 [great orb of eyes (6)]
 32881 | Vaults:1 | Lost mutation: You occasionally lose the ability to read
                  | scrolls when taking damage. [potion of mutation]
 32881 | Vaults:1 | Gained mutation: You have sharp toenails. [potion of
                  | mutation]
 32881 | Vaults:1 | Gained mutation: You have hidden genetic defects. [potion
                  | of mutation]
 32881 | Vaults:1 | Gained mutation: You are strong-willed. (Will+) [potion of
                  | mutation]
 33177 | Vaults:1 | Got Paeddij's Anthology of Bruises
 33534 | Vaults:1 | Found Lung's Distillery.
 33542 | Vaults:1 | Bought a potion of heal wounds for 100 gold pieces
 33637 | Vaults:1 | Received a gift from Okawaru
 34009 | Vaults:1 | Gained mutation: Your body sometimes deteriorates upon
                  | taking damage. [hidden defects]
 34269 | Vaults:2 | Found Noitres's Assorted Antiques.
 34298 | Vaults:2 | Found a crumbling gateway.
 34354 | Desolati | Entered the Desolation of Salt
 34426 | Desolati | Reached skill level 15 in Dodging
 34537 | Desolati | Reached XP level 19. HP: 166/195 MP: 16/25
 34659 | Desolati | Identified the +1 chain mail "Omuqugh" {MP+9 Str+2 Int+2
                  | Dex-2}
 34663 | Desolati | Got Etienale's Opusculum on Variable Calefaction
 34722 | Desolati | Gained mutation: You are frail. (-10% HP) [hidden defects]
 34722 | Desolati | Lost mutation: You have hidden genetic defects. [hidden
                  | defects expressed]
 34854 | Desolati | Identified the +0 plate armour "Ypuutzak" {Str+3 Int+2}
 34996 | Desolati | Received a gift from Okawaru
 35056 | Desolati | Identified the +2 hand axe "Ohadwize" {drain, *Slow Will+++
                  | Int+5}
 35294 | Desolati | Identified the +3 leather armour "Pyileu" {rN+ SInv Stlth+}
 35300 | Desolati | Identified the +6 battleaxe of Acutt {spect, rF+ rCorr
                  | Str+3 Int-2}
 35301 | Desolati | Identified the +12 plate armour "Xeyn" {rPois Dex+2 SInv
                  | Stlth+}
 35664 | Vaults:2 | Found a huge runed gate.
 35664 | Vaults:2 | Found a huge runed gate.
 35664 | Vaults:2 | Found a huge runed gate.
 35667 | Vaults:2 | Found a huge runed gate.
 35669 | Vaults:2 | Found a huge runed gate.
 35676 | Vaults:2 | Found a huge runed gate.
 35676 | Vaults:2 | Found a huge runed gate.
 35680 | Vaults:2 | Found a huge runed gate.
 35681 | Vaults:2 | Found a huge runed gate.
 35681 | Vaults:2 | Found a huge runed gate.
 35692 | Vaults:2 | Found a huge runed gate.
 35692 | Vaults:2 | Found a huge runed gate.
 35692 | Vaults:2 | Found a huge runed gate.
 35692 | Vaults:2 | Found a huge runed gate.
 35692 | Vaults:2 | Found a huge runed gate.
 35734 | Vaults:2 | Noticed Zenata
 35745 | Vaults:2 | Killed Zenata
 35876 | Vaults:2 | Found a staircase to the Crypt.
 36401 | Vaults:2 | Found a huge runed gate.
 36401 | Vaults:2 | Found a huge runed gate.
 36401 | Vaults:2 | Found a huge runed gate.
 36401 | Vaults:2 | Found a huge runed gate.
 36401 | Vaults:2 | Found a huge runed gate.
 36401 | Vaults:2 | Found a huge runed gate.
 36401 | Vaults:2 | Found a huge runed gate.
 36402 | Vaults:2 | Found a huge runed gate.
 36402 | Vaults:2 | Found a huge runed gate.
 36402 | Vaults:2 | Found a huge runed gate.
 36406 | Vaults:2 | Found a huge runed gate.
 36406 | Vaults:2 | Found a huge runed gate.
 36406 | Vaults:2 | Found a huge runed gate.
 36406 | Vaults:2 | Found a huge runed gate.
 36406 | Vaults:2 | Found a huge runed gate.
 36417 | Vaults:2 | Found a huge runed gate.
 36417 | Vaults:2 | Found a huge runed gate.
 36417 | Vaults:2 | Found a huge runed gate.
 36660 | Vaults:2 | Found a huge runed gate.
 36660 | Vaults:2 | Found a huge runed gate.
 36661 | Vaults:2 | Found a huge runed gate.
 36666 | Vaults:2 | Noticed a hellephant
 36854 | Vaults:2 | Identified the +3 buckler of the Equator {rF+ Int+2 Slay+3}
                  | (Okawaru gifted it to you on level 2 of the Vaults)
 36854 | Vaults:2 | Received a gift from Okawaru
 37114 | Vaults:2 | Killed a hellephant
 37386 | Vaults:3 | Found Ymir's Magic Scroll Emporium.
 38014 | Vaults:3 | Received a gift from Okawaru
 38022 | Vaults:3 | Reached XP level 20. HP: 165/185 MP: 17/26
 38275 | Vaults:3 | Identified the +0 pair of gloves "Lanalos" {rElec rCorr
                  | Int-2 Stlth+}
 38396 | Vaults:3 | You are sucked into a shaft and drop 1 floor!
 38943 | Vaults:4 | Received a gift from Okawaru
 39297 | Vaults:4 | Noticed Donald
 39304 | Vaults:4 | Killed Donald
 39484 | Vaults:4 | Found Daushuja's Distillery.
 39492 | Vaults:4 | Bought a potion of resistance for 160 gold pieces
 40313 | Elf:1    | Entered Level 1 of the Elven Halls
 40324 | Elf:1    | Found a flickering gateway to a bazaar.
 40337 | Bazaar   | Entered a bazaar
 40337 | Bazaar   | Found Tynogrol's Jewellery Emporium.
 40337 | Bazaar   | Found Zuilubro's Antique Armour Shoppe.
 40337 | Bazaar   | Found Aheng's Jewellery Shop.
 40339 | Bazaar   | Found Raafim's General Store.
 40383 | Bazaar   | Bought a potion of haste for 130 gold pieces
 40383 | Bazaar   | Bought a scroll of brand weapon for 123 gold pieces
 40386 | Bazaar   | Bought a pair of scorched gloves for 209 gold pieces
 40386 | Bazaar   | Identified the +1 pair of gloves of Juoffev {rCorr} (You
                  | bought it in a shop in a bazaar)
 40390 | Bazaar   | Bought a ring of protection from cold for 225 gold pieces
 40552 | Elf:1    | Noticed Louise
 40565 | Elf:1    | Killed Louise
 41423 | Elf:2    | Identified the +1 whip of Rebiv {flame, rPois Will+ rCorr
                  | Dex+3}
 41452 | Elf:2    | Received a gift from Okawaru
 41540 | Elf:2    | Received a gift from Okawaru
 41541 | Elf:2    | Received a gift from Okawaru
 41542 | Elf:2    | Reached XP level 21. HP: 91/192 MP: 15/27
 41825 | Elf:2    | Found a runed translucent gate.
 41825 | Elf:2    | Found a runed translucent gate.
 41825 | Elf:2    | Found a runed translucent gate.
 42288 | Elf:2    | Received a gift from Okawaru
 42473 | Elf:3    | Entered Level 3 of the Elven Halls
 42580 | Elf:3    | Found a runed translucent gate.
 42581 | Elf:3    | Found a runed translucent gate.
 42585 | Elf:3    | Found a runed translucent gate.
 42585 | Elf:3    | Noticed Ysasacw's ghost (journeyman KoHu)
 42625 | Elf:3    | Paralysed by an air elemental for 1 turns
 42646 | Elf:3    | Killed Ysasacw's ghost
 42720 | Elf:3    | Found Xyiwol's Armour Shoppe.
 43275 | Elf:3    | Received a gift from Okawaru
 43438 | Elf:3    | Received a gift from Okawaru
 43628 | Elf:3    | Identified the amulet "Agaumytuju" {Acrobat Harm rN+++
                  | Int-2 SInv}
 43697 | Elf:3    | Identified the ring of Bipats {rPois EV+5 Int-2 SInv}
 43701 | Elf:3    | Identified the +6 scale mail of Goliwky {-Tele Slay+5}
 43744 | Elf:3    | Identified the +8 short sword of Devotion {drain, Contam
                  | rPois rN+ SInv}
 43751 | Elf:3    | Identified the +1 ring mail "Voshayma" {Str+3}
 44083 | Slime:1  | Entered Level 1 of the Pits of Slime
 44435 | Slime:4  | Received a gift from Okawaru
 44440 | Slime:4  | Gained mutation: You sometimes lose your temper in combat.
                  | [a shining eye]
 44628 | Slime:5  | Entered Level 5 of the Pits of Slime
 44649 | Slime:5  | Paralysed by a floating eye for 4 turns
 44836 | Slime:5  | Gained mutation: You are very frail. (-20% HP) [a shining
                  | eye]
 44847 | Slime:5  | Reached XP level 22. HP: 178/178 MP: 19/28
 44901 | Slime:5  | Noticed the Royal Jelly
 44909 | Slime:4  | Reached skill level 10 in Evocations
 45609 | Slime:5  | Killed the Royal Jelly
 45609 | Slime:5  | Received a gift from Okawaru
 45751 | Slime:5  | Identified the +2 cloak of the Assorted Wars {+Inv rPois
                  | MP+9}
 45792 | Slime:5  | Got a slimy rune of Zot
 45861 | Slime:5  | Identified the amulet "Hoidueq" {Acrobat Str+5}
 46243 | Depths:1 | Entered Level 1 of the Depths
 46538 | Depths:2 | Found a one-way gate leading to the halls of Pandemonium.
 46876 | Depths:2 | Received a gift from Okawaru
 46877 | Depths:2 | Noticed Mara
 46891 | Depths:2 | Noticed lessens's illusion
 46903 | Depths:2 | Killed Mara
 47470 | Depths:2 | Found a runed translucent door.
 47574 | Depths:2 | Found a gateway to Hell.
 47801 | Depths:2 | Found a runed translucent door.
 47810 | Depths:2 | Paralysed by a floating eye for 2 turns
 47825 | Depths:2 | Paralysed by a floating eye for 2 turns
 48270 | Depths:3 | Received a gift from Okawaru
 48303 | Depths:3 | Reached skill level 15 in Evocations
 48478 | Depths:3 | Found a broken altar of Ashenzari.
 48747 | Depths:3 | Reached XP level 23. HP: 183/183 MP: 29/29
 48804 | Depths:3 | Identified the +9 storm dragon scales "Uqyegyig" {+Blink
                  | rElec rF+} (Okawaru gifted it to you on level 3 of the
                  | Depths)
 48804 | Depths:3 | Received a gift from Okawaru
 49125 | Depths:3 | Found a one-way gateway to a ziggurat.
 49328 | Depths:4 | Entered Level 4 of the Depths
 49328 | Depths:4 | Noticed a caustic shrike
 49329 | Depths:4 | Noticed a caustic shrike
 49330 | Depths:4 | Noticed a caustic shrike
 49337 | Depths:4 | Killed a caustic shrike
 49343 | Depths:4 | Killed a caustic shrike
 49344 | Depths:4 | Killed a caustic shrike
 49588 | Depths:4 | Found a gate to the Realm of Zot.
 49994 | Zot:1    | Entered Level 1 of the Realm of Zot
 50390 | Zot:1    | Received a gift from Okawaru
 51081 | Zot:2    | Noticed a curse toe
 51103 | Zot:1    | Identified the +1 battleaxe of the Antique God {drain,
                  | Dex+3} (Okawaru gifted it to you on level 1 of the Realm of
                  | Zot)
 51103 | Zot:1    | Received a gift from Okawaru
 51116 | Zot:1    | Killed a curse toe
 51385 | Zot:2    | Noticed a curse toe
 51622 | Zot:2    | Killed a curse toe
 51980 | Zot:2    | Received a gift from Okawaru
 52501 | Zot:2    | Noticed a curse toe
 52512 | Zot:2    | Killed a curse toe
 52512 | Zot:2    | Received a gift from Okawaru
 52714 | Zot:2    | Noticed a curse toe
 52722 | Zot:2    | Killed a curse toe
 52724 | Zot:2    | Paralysed by you for 2 turns
 52724 | Zot:2    | Noticed a curse toe
 52913 | Zot:2    | Killed a curse toe
 52914 | Zot:2    | Reached XP level 24. HP: 191/194 MP: 29/29
 53174 | Zot:3    | Noticed a Killer Klown
 53197 | Zot:3    | Killed a Killer Klown
 54355 | Zot:4    | Received a gift from Okawaru
 54457 | Zot:4    | Received a gift from Okawaru
 54826 | Zot:4    | Identified the +8 double sword "Guakor" {drain, *Corrode
                  | rPois rC+ Int+6}
 54826 | Zot:4    | Identified the +2 double sword "Awuok" {holy, rPois rCorr
                  | Str+5 Int-3}
 54828 | Zot:4    | Identified the +11 double sword of the Unbearable God
                  | {heavy, Dex+2 SInv}
 55602 | Zot:5    | Entered Level 5 of the Realm of Zot
 55784 | Zot:5    | Noticed an orb of fire
 55784 | Zot:5    | Noticed an orb of fire
 55799 | Zot:5    | Killed an orb of fire
 55801 | Zot:5    | Gained mutation: You are dopey. (Int -2) [an orb of fire]
 55802 | Zot:5    | Gained mutation: You occasionally lose the ability to drink
                  | potions when taking damage. [an orb of fire]
 55808 | Zot:5    | Gained mutation: Armour fits poorly on your strangely
                  | shaped body. [an orb of fire]
 55820 | Zot:5    | Killed an orb of fire
 55864 | Zot:5    | Lost mutation: You are dopey. (Int -2) [potion of mutation]
 55864 | Zot:5    | Lost mutation: You are strong-willed. (Will+) [potion of
                  | mutation]
 55864 | Zot:5    | Lost mutation: Your body sometimes deteriorates upon taking
                  | damage. [potion of mutation]
 55864 | Zot:5    | Gained mutation: You are somewhat resistant to further
                  | mutation. [potion of mutation]
 56185 | Zot:5    | Found the +10 zealot's sword {holy, Zealotry, *Rage rN+
                  | EV+3}
 56359 | Zot:5    | Noticed an ancient lich
 56367 | Zot:5    | Killed an ancient lich
 56383 | Zot:5    | Received a gift from Okawaru
 56527 | Zot:5    | Noticed an ancient lich
 56550 | Zot:5    | Killed an ancient lich
 56579 | Zot:5    | Noticed an ancient lich
 56591 | Zot:5    | Noticed a Killer Klown
 56602 | Zot:5    | Killed a Killer Klown
 56603 | Zot:5    | Reached XP level 25. HP: 204/204 MP: 29/29
 56692 | Zot:5    | Noticed an ancient lich
 56899 | Zot:5    | Noticed an orb of fire
 56925 | Zot:5    | Killed an orb of fire
 56925 | Zot:5    | Received a gift from Okawaru
 57057 | Zot:5    | Noticed an ancient lich
 57071 | Zot:5    | Killed an ancient lich
 57072 | Zot:5    | Reached skill level 27 in Fighting
 57091 | Zot:5    | Noticed a Killer Klown
 57103 | Zot:5    | Killed a Killer Klown
 57254 | Zot:5    | Noticed an orb of fire
 57274 | Zot:5    | Killed an orb of fire
 57288 | Zot:5    | Killed an ancient lich
 57427 | Zot:5    | Identified the +2 dire flail of Starshine {elec, rN+}
                  | (Okawaru gifted it to you on level 5 of the Realm of Zot)
 57427 | Zot:5    | Received a gift from Okawaru
 57428 | Zot:5    | Reached skill level 27 in Armour
 57546 | Zot:5    | Noticed a Killer Klown
 57556 | Zot:5    | Killed a Killer Klown
 58243 | Zot:5    | Noticed an ancient lich
 58252 | Zot:5    | Noticed an orb of fire
 58254 | Zot:5    | Killed an ancient lich
 58259 | Zot:5    | Killed an orb of fire
 58260 | Zot:5    | Noticed a Killer Klown
 58270 | Zot:5    | Received a gift from Okawaru
 58302 | Zot:5    | Killed a Killer Klown
 58323 | Zot:5    | Received a gift from Okawaru
 58470 | Zot:5    | Killed an ancient lich
 59014 | Zot:5    | Got the Orb of Zot
 59460 | D:10     | Lost mutation: You occasionally lose the ability to drink
                  | potions when taking damage. [potion of mutation]
 59460 | D:10     | Lost mutation: You are very frail. (-20% HP) [potion of
                  | mutation]
 59460 | D:10     | Lost mutation: You are frail. (-10% HP) [potion of
                  | mutation]
 59460 | D:10     | Gained mutation: You occasionally lose the ability to drink
                  | potions when taking damage. [potion of mutation]
 59460 | D:10     | Gained mutation: Your skin changes colour to match your
                  | surroundings (Stealth+). [potion of mutation]
 59589 | D:5      | Noticed Ysusch the pandemonium lord
 59591 | D:5      | Killed Ysusch the pandemonium lord
 59747 | D:$      | Escaped with the Orb!

Illustrated notes

Levels and vault maps discovered:
D:1:      lemuel_arrival_behind_the_door_small, layout_loops_ring,
          basic_ecumenical_altar
D:2:      minmay_general_purpose_star, layout_rooms, roderic_roman_lattice,
          uniq_jessica, uniq_natasha, uniq_terence
D:3:      layout_basic, mainiacjoe_overflow_boulevard,
          nzn_hepliaklqana_mist_gate
D:4:      minmay_skewed_foursquare, layout_rooms, zin_purify,
          nicolae_wooded_promenade, minmay_ruptured, uniq_eustachio
D:5:      layout_basic, nzn_wu_jian_contemplation,
          minmay_temple_entry_proselytizer, ebering_ghost_disaster_area,
          kennysheep_small_square
D:6:      layout_rooms, slow_altar_1, yredelemnul_forgotten_temple_becter,
          gup_sewer_entry_glass, minmay_misc_feat_alley,
          kennysheep_generic_room_7
D:7:      layout_cave_pools, lemuel_coloured_pillars_altar, enter_bailey_4,
          serial_shops, kennysheep_mini, serial_undead, serial_undead_c,
          serial_undead_f, serial_undead_f, serial_undead_e
D:8:      layout_loops_corners, grunt_gozag_breadcrumbs
D:9:      layout_gridville, grunt_dithmenos_smoke, mainiacjoe_overflow_chevrons,
          dpeg_lair_monsters
D:10:     layout_gridville, mainiacjoe_overflow_cross_hatched,
          nicolae_vehumet_radiance
D:11:     layout_roguey, gammafunk_ghost_ooze, uniq_fannar, uniq_snorg,
          uniq_grum, uniq_josephine
D:12:     layout_cave_pods, grunt_ministairs_2, tgw_sif, uniq_kirke
D:13:     layout_cross, uniq_maurice
D:14:     layout_layer_cave, david_vaults_2, elyvilon_altar_4
D:15:     hangedman_depths_entry_try_elsewhere_first, layout_loops_corners,
          serial_park_square1 [serial_park_minivault_5x5_4], uniq_azrael
Temple:   hellmonk_temple_micro_hex
Lair:1:   layout_cave_pods
Lair:2:   layout_regular_city, minivault_23
Lair:3:   layout_long_grid, minmay_swamp_entry_eels,
          guppyfry_snake_entry_island, serial_bayou_lake_a, uniq_amaemon
Lair:4:   layout_gridlike
Lair:5:   hellmonk_lair_end_abyssal_woods, layout_layer_cave, slime_entry_1,
          kennysheep_abandoned_house
Swamp:1:  layout_falls_marsh, wheals_swamp_sinkhole
Swamp:2:  layout_basic_swamp, lemuel_altar_in_water
Swamp:3:  layout_basic_swamp, evilmike_swamp_ruin_house_5
Swamp:4:  nzn_swamp_witches_coven, layout_basic_swamp, swamp_pool3, uniq_roxanne
Snake:1:  layout_misc_corridors, basic_altar,
          nicolae_snake_the_dead_are_slithering
Snake:2:  layout_layer_cave, minmay_shop_star, nicolae_triple_integral
Snake:3:  layout_honeycomb, serial_bayou_shore_a, minmay_shoptagon,
          serial_bayou_shore_b
Snake:4:  grunt_snake_rune_pools, layout_cave_town, grunt_ministairs_13,
          corexii_hall_statues_l, grunt_megastairs_2
Slime:1:  layout_caves
Slime:2:  layout_caves
Slime:3:  layout_caves, basic_altar, nicolae_slime_crime_time
Slime:4:  layout_caves
Slime:5
Orc:1:    layout_caves, nicolae_shop_gadgets, uniq_erolcha
Orc:2:    st_orc_rangers, layout_caves, serial_shops, shop_fountains
Elf:1:    layout_gridlike, serial_shops, bzr_entry_islet,
          hangedman_elf_disciples, grunt_megastairs_1, uniq_louise
Elf:2:    elven_hall_of_blades_hangedman_original [nicolae_blade_bullseye],
          layout_geoelf_grid
Elf:3:    elf_hall, layout_gridlike, serial_shops,
          nicolae_shop_advertising_works [nicolae_subvault_shop_adworks],
          gammafunk_ghost_split, drop_trap
Vaults:1: nicolae_vaults_mini_display_case, vaults_room_door_ring,
          v_alt_pattern_3, ontoclasm_vaults_gateway, nicolae_vaults_arrows,
          grunt_vaults_funnel, nicolae_vaults_little_squares_2,
          ontoclasm_vaults_eye, nicolae_vaults_what_the_h, v_misc_14, v_misc_30,
          nicolae_vaults_ring_of_whatevers, layout_vaults_omnibox, serial_shops,
          nicolae_shop_statue_plus, uniq_nikola, uniq_aizul
Vaults:2: portal_desolation_entry_twin_temple, not_door_vault_due,
          minmay_crypt_entry_nasty_monster, v_misc_17, nicolae_vaults_alarming,
          v_misc_18, layout_vaults_omnigrid, serial_shops, shop, uniq_zenata
Vaults:3: vaults_room_ringed_pool, ontoclasm_vaults_fault, v_pattern_3,
          v_misc_9, vaults_room_fours, serial_ice_g, layout_vaults_big_room,
          serial_shops, nicolae_square_shop
Vaults:4: hangedman_vaults_unwind, ontoclasm_vaults_ligature, v_misc_16,
          serial_ice_g, v_misc_2, v_misc_10, vaults_standard_mumra_lines,
          serial_ice_m, vaults_mumra_hex, v_misc_12, layout_vaults_omnicross,
          serial_shops, nicolae_shop_stone, uniq_donald
Depths:1: layout_cave_shapes, minmay_misc_feat_tiny, grunt_hell_horde,
          kennysheep_generic_room_9, grunt_megastairs_3
Depths:2: thingy_vault_2, layout_long_grid, hell_entry, grunt_pan_entry_spiral,
          hangedman_abyss_or_decor_clamps, hangedman_decor_push, uniq_mara
Depths:3: minmay_skeleton_keep, layout_gridlike, enter_ziggurat_b, hell_entry,
          abyss_entry, nicolae_ashenzari_skybound, serial_bayou_shore_b
Depths:4: grunt_zot_entry_funnels, layout_cave_shapes, hell_entry, minivault_11
Zot:1:    evilmike_crystal_ball_defense, layout_twisted_circle,
          hangedman_swamp_dais
Zot:2:    gammafunk_mikee_crab_dinner, layout_gridlike
Zot:3:    layout_gridville
Zot:4:    kennysheep_oblong_rooms, layout_misc_corridors,
          nicolae_rock_paper_scissors, uniq_josephina
Zot:5:    layout_twisted_circle, lemuel_lake_of_fire

Skill      XL: |  1  2  3  4  5  6  7  8  9 10 11 12 13 14 15 16 17 18 19 20 21 22 23 24 25 |
---------------+----------------------------------------------------------------------------+-----
Axes           | 4 5 6 7 |  7.4
Maces & Flails | 4 6 8 11 13 16 18 20 | 20.4
Dodging        | 4 5 8 9 11 13 15 16 20 21 22 25 | 25.3
Invocations    | 5 7 9 10 | 10.1
Fighting       | 3 7 8 11 14 17 19 21 23 24 25 26 27 | 27.0
Armour         | 5 7 8 12 14 16 19 23 25 26 27 | 27.0
Evocations     | 5 8 9 15 16 | 16.4
Throwing       | |  2.0

Action                     |  1- 3 |  4- 6 |  7- 9 | 10-12 | 13-15 | 16-18 | 19-21 | 22-24 | 25-27 || total
---------------------------+-------+-------+-------+-------+-------+-------+-------+-------+-------++-------
  Melee: War axe           |    61 |    24 |       |       |       |       |       |       |       ||    85
         Headbutt          |     9 |     8 |    34 |    54 |   139 |   185 |   293 |   418 |    93 ||  1233
         Great mace        |       |    80 |   238 |   265 |   723 |   757 |  1110 |  1214 |   291 ||  4678
         Unarmed           |       |       |       |       |       |       |       |    15 |       ||    15
  Throw: Javelin           |       |       |     1 |     3 |       |       |       |       |       ||     4
         Dart              |       |       |       |     4 |     1 |       |       |       |       ||     5
         Throwing net      |       |       |       |     1 |       |       |       |       |       ||     1
         Stone             |       |       |       |       |       |       |     2 |     2 |     2 ||     6
 Invoke: Heroism           |       |       |       |     4 |    13 |    16 |    17 |    14 |     7 ||    71
         Finesse           |       |       |       |       |       |     1 |     2 |     3 |     2 ||     8
  Evoke: Wand              |       |       |       |    10 |       |     9 |       |     3 |     6 ||    28
         Tin of tremorston |       |       |       |     2 |       |     3 |     4 |     2 |       ||    11
         Phial of floods   |       |       |       |       |     1 |     2 |       |       |       ||     3
         Lightning rod     |       |       |       |       |       |       |     2 |     1 |       ||     3
         Condenser vane    |       |       |       |       |       |       |       |     3 |       ||     3
    Use: Scroll            |       |       |     6 |     3 |    19 |     2 |    11 |    22 |     2 ||    65
         Potion            |       |       |       |     1 |       |     9 |       |     6 |     3 ||    19
   Stab: Sleeping          |     1 |     1 |       |     1 |     1 |       |       |       |       ||     4
         Paralysed         |       |       |       |       |     5 |       |       |       |       ||     5
 Armour: Leather armour    |    19 |    14 |    93 |    23 |       |       |       |       |       ||   149
         Robe              |       |    10 |       |       |    10 |       |       |       |       ||    20
         Acid dragon scale |       |       |       |    41 |   153 |       |       |       |       ||   194
         Swamp dragon scal |       |       |       |       |    25 |   149 |    28 |       |       ||   202
         Scale mail        |       |       |       |       |    20 |       |       |       |       ||    20
         Plate armour      |       |       |       |       |       |       |   482 |   209 |       ||   691
         Storm dragon scal |       |       |       |       |       |       |       |   453 |   118 ||   571
         Skin              |       |       |       |       |       |       |       |     3 |       ||     3
  Dodge: Dodged            |    40 |    66 |   191 |   145 |   658 |   697 |   839 |  1113 |   244 ||  3993

Table legend: (Time is in decaauts)
 A = Elapsed time spent in this place.
 B = Non-inter-level travel time spent in this place.
 C = Inter-level travel time spent in this place.
 D = Time resting spent in this place.
 E = Time spent auto-exploring this place.
 F = Levels seen in this place.
 G = Mean time per level.
                   A        B        C        D        E       F      G
               +--------+--------+--------+--------+--------+-----+--------+
         Total |  58868 |  53807 |   5061 |   6748 |  33602 |  56 | 1051.2 |
       Dungeon |  14953 |  13288 |   1665 |   1035 |   9564 |  15 |  996.9 |
        Temple |     10 |     10 |      0 |      0 |      0 |   1 |   10.0 |
          Lair |   6801 |   6006 |    795 |    374 |   4649 |   5 | 1360.2 |
         Swamp |   3067 |   2809 |    258 |    275 |   1769 |   4 |  766.8 |
     Snake Pit |   5272 |   4970 |    302 |    395 |   3629 |   4 | 1318.0 |
    Slime Pits |   1840 |   1722 |    118 |    612 |    313 |   5 |  368.0 |
  Orcish Mines |   2066 |   1938 |    128 |    557 |    951 |   2 | 1033.0 |
   Elven Halls |   3364 |   3118 |    246 |    175 |   1930 |   3 | 1121.3 |
        Vaults |   6522 |   5978 |    544 |    510 |   4274 |   4 | 1630.5 |
        Depths |   3830 |   3647 |    183 |    227 |   2465 |   4 |  957.5 |
           Zot |   9048 |   8230 |    818 |   2202 |   3487 |   5 | 1809.6 |
        Bazaar |     62 |     62 |      0 |      0 |     48 |   1 |   62.0 |
         Sewer |    342 |    342 |      0 |      0 |    104 |   1 |  342.0 |
        Bailey |    557 |    557 |      0 |    115 |    157 |   1 |  557.0 |
    Desolation |   1127 |   1127 |      0 |    267 |    262 |   1 | 1127.0 |
               +--------+--------+--------+--------+--------+-----+--------+

Top non-repeatable levels by time:
   Zot:5: 3370 daAuts
   Zot:2: 1951 daAuts
Vaults:2: 1949 daAuts
Vaults:1: 1873 daAuts
  Lair:5: 1764 daAuts
 Snake:2: 1728 daAuts
 Snake:4: 1536 daAuts
Depths:2: 1533 daAuts
  Lair:3: 1513 daAuts
     D:9: 1431 daAuts
Vaults:3: 1373 daAuts
Depths:3: 1371 daAuts
Vaults:4: 1326 daAuts
  Lair:4: 1318 daAuts
   Zot:1: 1308 daAuts
